General information
- name: BNet
- type: Ladder team game (AT/RT)
- host: Battle.net
- saver: HollywoodHogan
map: Deadlock
- players: 8
- length: 21:42
- speed: Fast
- version: 1.26 W3XP
- replay type: Public
» download(132 KB)
Players
team 1 (loser)

»
GooN_SquaD (
teal | 61 APM | 1273 actions | 21:01)
6 Beastmaster
2 Summon Hawk
3 Summon Quilbeast
1 Stampede
» actions
| Assign group hotkey | 17 | |
| Basic commands | 112 | |
| Build / train | 63 | |
| Enter build submenu | 17 | |
| Enter hero's abilities submenu | 6 | |
| Give item / drop item | 3 | |
| Remove unit from queue | 2 | |
| Right click | 419 | |
| Select / deselect | 191 | |
| Select group hotkey | 365 | |
| Use ability | 78 | |
1273 total
» units
| Peon | 10 | |
| Wind Rider | 4 | |
| Raider | 11 | |
25 total
» upgrades
| Spiked Barricades | 1 | |
| Armor | 2 | |
| Ranged Weapons | 2 | |
| Envenomed Spears | 1 | |
| Ensnare | 1 | |
| Melee Weapons | 2 | |
9 total
» buildings
| Altar of Storms | 1 | |
| Orc Burrow | 5 | |
| War Mill | 1 | |
| Voodoo Lounge | 1 | |
| Watch Tower | 6 | |
| Stronghold | 1 | |
| Beastiary | 2 | |
| Fortress | 1 | |
18 total
» build order
00:23 Altar of Storms
00:38 Orc Burrow
00:59 War Mill
01:29 Voodoo Lounge
02:30 Watch Tower
02:34 Watch Tower
03:25 Orc Burrow
03:56 Stronghold
04:33 Watch Tower
05:40 Watch Tower
06:20 Beastiary
06:27 Beastiary
06:51 Orc Burrow
08:22 Watch Tower
08:25 Watch Tower
08:45 Fortress
10:05 Orc Burrow
11:00 Orc Burrow
» items
| Boots of Speed | 1 | |
| Periapt of Vitality | 1 | |
| Dust of Appearance | 1 | |
| Circlet of Nobility | 1 | |
| Potion of Healing | 4 | |
| Healing Salve | 2 | |
| Orb of Lightning | 1 | |
| Scroll of Town Portal | 2 | |
| Lesser Clarity Potion | 2 | |
15 total

»
spaz_man_dan (
green | 30 APM | 649 actions | 21:40)
5 Archmage
3 Summon Water Elemental
2 Blizzard
» actions
| Basic commands | 21 | |
| Build / train | 92 | |
| Enter build submenu | 26 | |
| Enter hero's abilities submenu | 5 | |
| Give item / drop item | 1 | |
| Remove unit from queue | 1 | |
| Right click | 127 | |
| Select / deselect | 313 | |
| Use ability | 63 | |
649 total
» units
| Peasant | 25 | |
| Footman | 9 | |
| Priest | 6 | |
| Knight | 10 | |
| Siege Engine | 8 | |
58 total
» upgrades
| Lumber Harvesting | 2 | |
| Barrage | 1 | |
| Magic Sentry | 1 | |
| Plating | 2 | |
| Masonry | 3 | |
| Animal War Training | 1 | |
| Priest Training | 2 | |
| Gunpowder | 3 | |
| Swords | 1 | |
16 total
» buildings
| Altar of Kings | 1 | |
| Barracks | 2 | |
| Farm | 8 | |
| Scout Tower | 6 | |
| Keep | 1 | |
| Town Hall | 1 | |
| Blacksmith | 1 | |
| Lumber Mill | 1 | |
| Castle | 1 | |
| Workshop | 2 | |
| Arcane Vault | 1 | |
| Arcane Sanctum | 1 | |
| Guard Tower | 1 | |
27 total
» build order
00:41 Altar of Kings
00:47 Barracks
00:52 Farm
01:30 Farm
02:20 Farm
03:10 Scout Tower
03:42 Keep
03:46 Scout Tower
05:06 Town Hall
05:16 Blacksmith
05:21 Lumber Mill
06:06 Castle
06:57 Workshop
07:07 Arcane Vault
07:14 Arcane Sanctum
08:14 Farm
08:53 Farm
09:35 Scout Tower
09:45 Workshop
10:23 Farm
11:17 Farm
12:07 Scout Tower
14:34 Barracks
15:52 Farm
16:51 Scout Tower
18:00 Guard Tower
18:34 Scout Tower
» items
| Healing Salve | 1 | |
| Scroll of Town Portal | 2 | |
| Lesser Clarity Potion | 1 | |
| Potion of Lesser Invulnerability | 1 | |
| Boots of Speed | 1 | |
6 total
Thing (
purple | 51 APM | 1037 actions | 20:32)
5 Death Knight
3 Death Coil
2 Unholy Aura
3 Lich
2 Frost Nova
1 Dark Ritual
» actions
| Build / train | 69 | |
| ESC pressed | 5 | |
| Enter build submenu | 27 | |
| Enter hero's abilities submenu | 8 | |
| Give item / drop item | 4 | |
| Right click | 484 | |
| Select / deselect | 343 | |
| Use ability | 97 | |
1037 total
» units
| Acolyte | 10 | |
| Ghoul | 4 | |
| Crypt Fiend | 13 | |
| Obsidian Statue | 2 | |
| Frost Wyrm | 6 | |
35 total
» upgrades
| Creature Carapace | 2 | |
| Creature Attack | 2 | |
| Web | 1 | |
| Destroyer Form | 1 | |
6 total
» buildings
| Crypt | 1 | |
| Graveyard | 1 | |
| Ziggurat | 8 | |
| Altar of Darkness | 1 | |
| Tomb of Relics | 1 | |
| Halls of the Dead | 1 | |
| Necropolis | 1 | |
| Slaughterhouse | 1 | |
| Black Citadel | 1 | |
| Sacrificial Pit | 1 | |
| Spirit Tower | 1 | |
| Boneyard | 2 | |
20 total
» build order
00:50 Crypt
00:56 Graveyard
01:00 Ziggurat
01:04 Altar of Darkness
01:14 Tomb of Relics
01:32 Ziggurat
04:05 Halls of the Dead
04:41 Necropolis
05:14 Ziggurat
07:39 Slaughterhouse
09:24 Black Citadel
09:56 Sacrificial Pit
10:04 Ziggurat
10:05 Ziggurat
10:31 Spirit Tower
12:11 Boneyard
12:12 Boneyard
12:43 Ziggurat
12:44 Ziggurat
16:11 Ziggurat
» items
| Rod of Necromancy | 1 | |
| Scroll of Town Portal | 4 | |
| Dust of Appearance | 1 | |
| Scroll of Protection | 3 | |
| Potion of Lesser Invulnerability | 1 | |
| Orb of Lightning | 1 | |
| Orb of Corruption | 1 | |
12 total
Sunkistoj (
orange | 36 APM | 751 actions | 20:36)
4 Far Seer
2 Feral Spirit
2 Chain Lighting
1 Shadow Hunter
1 Healing Wave
» actions
| Basic commands | 1 | |
| Build / train | 90 | |
| Enter build submenu | 32 | |
| Enter hero's abilities submenu | 5 | |
| Remove unit from queue | 1 | |
| Right click | 329 | |
| Select / deselect | 228 | |
| Use ability | 65 | |
751 total
» units
| Peon | 37 | |
| Grunt | 13 | |
| Troll Headhunter/Berserker | 5 | |
| Raider | 3 | |
| Wind Rider | 10 | |
68 total
» upgrades
| Spiked Barricades | 1 | |
| Melee Weapons | 1 | |
| Ensnare | 1 | |
| Pillage | 1 | |
| Envenomed Spears | 1 | |
| Troll Regeneration | 1 | |
| Berserker Upgrade | 1 | |
7 total
» buildings
| Orc Burrow | 7 | |
| War Mill | 1 | |
| Altar of Storms | 1 | |
| Watch Tower | 16 | |
| Voodoo Lounge | 2 | |
| Barracks | 1 | |
| Stronghold | 1 | |
| Fortress | 1 | |
| Beastiary | 1 | |
| Great Hall | 1 | |
32 total
» build order
00:12 Orc Burrow
00:18 War Mill
00:43 Altar of Storms
01:53 Watch Tower
02:06 Voodoo Lounge
02:56 Orc Burrow
03:02 Barracks
03:38 Orc Burrow
04:00 Watch Tower
04:02 Stronghold
04:13 Orc Burrow
04:37 Orc Burrow
04:40 Voodoo Lounge
05:04 Watch Tower
05:38 Watch Tower
06:13 Watch Tower
07:17 Fortress
08:03 Beastiary
09:05 Great Hall
09:50 Watch Tower
10:05 Watch Tower
10:20 Orc Burrow
11:31 Watch Tower
12:06 Watch Tower
12:10 Watch Tower
12:32 Watch Tower
14:24 Watch Tower
15:33 Orc Burrow
16:29 Watch Tower
16:44 Watch Tower
16:48 Watch Tower
16:53 Watch Tower
» items
| Healing Salve | 1 | |
| Potion of Mana | 2 | |
3 total
team 2 (winner)
WastedIsBack (
red | 25 APM | 548 actions | 21:41)
5 Priestess of the Moon
3 Trueshot Aura
2 Searing Arrows
» actions
| Basic commands | 105 | |
| Build / train | 70 | |
| Enter build submenu | 33 | |
| Enter hero's abilities submenu | 5 | |
| Right click | 26 | |
| Select / deselect | 257 | |
| Use ability | 52 | |
548 total
» units
| Wisp | 25 | |
| Archer | 12 | |
| Hippogryph | 6 | |
43 total
» upgrades
| Ultravision | 1 | |
| Strength of the Moon | 2 | |
| Strength of the Wild | 1 | |
| Improved Bows | 1 | |
| Hippogryph Taming | 1 | |
| Nature's Blessing | 1 | |
| Marksmanship | 1 | |
| Moon Armor | 2 | |
| Well Spring | 1 | |
11 total
» buildings
| Ancient of Wonders | 1 | |
| Moon Well | 10 | |
| Altar of Elders | 1 | |
| Ancient of War | 3 | |
| Hunter's Hall | 1 | |
| Tree of Ages | 1 | |
| Tree of Life | 2 | |
| Ancient Protector | 9 | |
| Tree of Eternity | 1 | |
| Ancient of Wind | 2 | |
31 total
» build order
00:22 Ancient of Wonders
00:37 Moon Well
00:52 Moon Well
01:21 Altar of Elders
02:03 Moon Well
02:12 Moon Well
02:41 Moon Well
02:45 Moon Well
03:11 Ancient of War
03:40 Ancient of War
03:59 Hunter's Hall
06:26 Tree of Ages
06:33 Tree of Life
08:12 Tree of Life
08:21 Ancient Protector
08:23 Ancient Protector
08:25 Ancient Protector
08:29 Ancient Protector
09:28 Tree of Eternity
09:50 Ancient of Wind
10:45 Ancient of Wind
11:07 Ancient Protector
11:12 Ancient Protector
11:18 Ancient Protector
11:37 Ancient Protector
11:41 Ancient Protector
14:56 Ancient of War
20:50 Moon Well
20:52 Moon Well
20:54 Moon Well
20:55 Moon Well
» items
| Potion of Healing | 1 | |
| Scroll of Town Portal | 1 | |
| Periapt of Vitality | 1 | |
| Circlet of Nobility | 1 | |
4 total
Multipawn (
yellow | 39 APM | 849 actions | 21:41)
7 Demon Hunter
3 Mana Burn
3 Evasion
1 Metamorphosis
5 Keeper of the Grove
3 Entangling Roots
2 Thorns Aura
» actions
| Assign group hotkey | 2 | |
| Build / train | 78 | |
| Enter build submenu | 16 | |
| Enter hero's abilities submenu | 12 | |
| Remove unit from queue | 2 | |
| Right click | 444 | |
| Select / deselect | 243 | |
| Select group hotkey | 2 | |
| Use ability | 50 | |
849 total
» units
| Wisp | 12 | |
| Archer | 21 | |
| Hippogryph | 17 | |
50 total
» upgrades
| Improved Bows | 1 | |
| Hippogryph Taming | 1 | |
| Strength of the Moon | 2 | |
| Moon Armor | 2 | |
| Nature's Blessing | 1 | |
7 total
» buildings
| Altar of Elders | 1 | |
| Moon Well | 6 | |
| Ancient of War | 2 | |
| Tree of Ages | 1 | |
| Hunter's Hall | 1 | |
| Ancient of Wind | 2 | |
| Ancient of Wonders | 2 | |
| Ancient Protector | 1 | |
| Tree of Eternity | 1 | |
17 total
» build order
00:09 Altar of Elders
00:21 Moon Well
00:49 Ancient of War
01:26 Moon Well
02:36 Ancient of War
03:40 Moon Well
04:11 Tree of Ages
04:37 Moon Well
05:38 Hunter's Hall
07:16 Ancient of Wind
07:22 Ancient of Wind
08:58 Ancient of Wonders
12:38 Ancient of Wonders
14:18 Moon Well
14:35 Ancient Protector
18:00 Tree of Eternity
18:13 Moon Well
» items
| Boots of Speed | 1 | |
| Potion of Lesser Invulnerability | 1 | |
| Potion of Healing | 1 | |
3 total
HollywoodHogan (
pink | 63 APM | 1361 actions | 21:42)
6 Blood Mage
3 Flame Strike
2 Siphon Mana
1 Summon Phoenix
» actions
| Assign group hotkey | 53 | |
| Basic commands | 22 | |
| Build / train | 79 | |
| Enter build submenu | 38 | |
| Enter hero's abilities submenu | 6 | |
| Give item / drop item | 3 | |
| Right click | 610 | |
| Select / deselect | 301 | |
| Select group hotkey | 174 | |
| Use ability | 75 | |
1361 total
» units
| Peasant | 12 | |
| Footman | 5 | |
| Sorceress | 3 | |
| Gryphon Rider | 7 | |
| Dragonhawk Rider | 6 | |
33 total
» upgrades
| Masonry | 2 | |
| Lumber Harvesting | 2 | |
| Sorceress Training | 1 | |
| Magic Sentry | 1 | |
| Storm Hammers | 1 | |
| Swords | 3 | |
| Armor | 3 | |
| Animal War Training | 1 | |
| Cloud | 1 | |
15 total
» buildings
| Altar of Kings | 1 | |
| Barracks | 1 | |
| Farm | 9 | |
| Keep | 1 | |
| Town Hall | 1 | |
| Arcane Vault | 1 | |
| Lumber Mill | 1 | |
| Scout Tower | 18 | |
| Arcane Tower | 3 | |
| Arcane Sanctum | 1 | |
| Guard Tower | 3 | |
| Castle | 1 | |
| Gryphon Aviary | 3 | |
| Blacksmith | 2 | |
46 total
» build order
00:36 Altar of Kings
00:38 Barracks
00:50 Farm
00:51 Farm
01:06 Farm
01:45 Farm
03:27 Keep
04:10 Town Hall
04:16 Arcane Vault
04:20 Lumber Mill
05:15 Scout Tower
05:19 Scout Tower
05:22 Scout Tower
05:24 Scout Tower
05:26 Scout Tower
05:28 Scout Tower
05:29 Scout Tower
06:00 Arcane Tower
06:03 Arcane Sanctum
06:11 Arcane Tower
06:13 Guard Tower
06:53 Scout Tower
06:53 Scout Tower
06:56 Scout Tower
06:58 Scout Tower
07:04 Castle
08:13 Guard Tower
08:35 Scout Tower
08:35 Scout Tower
08:41 Scout Tower
08:43 Scout Tower
09:45 Arcane Tower
10:17 Gryphon Aviary
10:20 Gryphon Aviary
10:24 Gryphon Aviary
10:51 Blacksmith
10:54 Blacksmith
13:03 Farm
15:15 Farm
15:17 Farm
15:24 Farm
16:41 Farm
18:07 Scout Tower
18:08 Scout Tower
18:09 Scout Tower
18:57 Guard Tower
» items
| Scroll of Regeneration | 3 | |
| Staff of Teleportation | 2 | |
| Potion of Invisibility | 4 | |
| Boots of Speed | 1 | |
| Scroll of Town Portal | 3 | |
| Potion of Healing | 1 | |
| Lesser Clarity Potion | 1 | |
| Potion of Lesser Invulnerability | 1 | |
16 total
froemke (
blue | 25 APM | 544 actions | 21:41)
9 Priestess of the Moon
3 Searing Arrows
3 Trueshot Aura
1 Starfall
2 Scout
» actions
| Basic commands | 13 | |
| Build / train | 79 | |
| Enter build submenu | 20 | |
| Enter hero's abilities submenu | 9 | |
| Remove unit from queue | 1 | |
| Right click | 120 | |
| Select / deselect | 266 | |
| Use ability | 36 | |
544 total
» units
| Wisp | 25 | |
| Archer | 10 | |
| Dryad | 16 | |
| Druid of the Claw | 4 | |
55 total
» upgrades
| Strength of the Wild | 3 | |
| Reinforced Hides | 3 | |
| Abolish Magic | 1 | |
| Druid of the Claw Training | 2 | |
9 total
» buildings
| Altar of Elders | 1 | |
| Moon Well | 8 | |
| Ancient of War | 1 | |
| Tree of Ages | 1 | |
| Hunter's Hall | 1 | |
| Tree of Life | 1 | |
| Ancient of Lore | 2 | |
| Tree of Eternity | 1 | |
| Ancient of Wonders | 1 | |
| Ancient Protector | 4 | |
21 total
» build order
00:53 Altar of Elders
01:06 Moon Well
01:23 Ancient of War
01:46 Moon Well
02:41 Moon Well
04:17 Tree of Ages
04:22 Hunter's Hall
05:41 Tree of Life
07:09 Ancient of Lore
07:17 Ancient of Lore
07:58 Moon Well
09:00 Moon Well
10:09 Moon Well
10:55 Tree of Eternity
11:31 Moon Well
12:47 Moon Well
16:53 Ancient of Wonders
19:11 Ancient Protector
19:15 Ancient Protector
20:01 Ancient Protector
20:05 Ancient Protector
» items
| Periapt of Vitality | 1 | |
| Circlet of Nobility | 1 | |
2 total
Chat log
(00:08 / Allies) WastedIsBack: rush?
(00:12 / Allies) Multipawn: ya
(00:13 / Allies) HollywoodHogan: Not me, not this guy
(00:15 / Allies) froemke: yep
(00:18 / Allies) froemke: why
(00:23 / Allies) HollywoodHogan: Don't feel like it, s'all
(00:29 / Allies) WastedIsBack: its ok
(00:30 / Allies) WastedIsBack: let pink tech up
(00:38 / Allies) froemke: k what you gonna get pink?
(00:44 / Allies) HollywoodHogan: griffs
(01:01 / Allies) WastedIsBack: i will clear u a mine pink
(01:07 / Allies) WastedIsBack: so mass wood for expo
(01:13 / Allies) HollywoodHogan: That's alright I can handle it
(01:18 / Allies) WastedIsBack: ok
(01:37 / Allies) HollywoodHogan: Very friendly bunch this crew
(01:41 / Allies) WastedIsBack: we can do a hit and run there
(01:42 / Allies) Multipawn: dont hit and run
(01:44 / Allies) WastedIsBack: yeah iagree
(01:45 / Allies) Multipawn: just creep
(01:50 / Allies) WastedIsBack: like hit and only run if we fuked
(01:55 / Allies) WastedIsBack: ok
(01:57 / Allies) WastedIsBack: creep it up
(02:01 / Allies) Multipawn: if they counter and pink has no units then we are behind
(02:14 / Allies) WastedIsBack: good point
(02:29 / Allies) WastedIsBack: i go archer then hip
(03:52 / Allies) froemke: need help yellow
(04:00 / Allies) Multipawn: nah im ok for now
(04:03 / Allies) froemke: k
(04:08 / Allies) Multipawn: gold is always good tho ;)
(04:17 / Allies) Multipawn: ty
(04:24 / Allies) froemke: yap
(04:32 / Allies) froemke: ill get dyrads if i havent said that already ha
(04:45 / Allies) froemke: does someone wanna get bears?
(04:52 / Allies) WastedIsBack: scout
(04:58 / Allies) WastedIsBack: coming to you pink
(05:05 / Allies) WastedIsBack: air from the hero that raises animals
(07:30 / All) HollywoodHogan: Fuck off, goon
(07:31 / All) HollywoodHogan: Mutt
(08:00 / Allies) HollywoodHogan: cancel
(08:55 / All) HollywoodHogan: mher
(09:04 / All) HollywoodHogan: Purple mhs
(09:21 / All) HollywoodHogan: Piece of shit
(09:27 / All) Thing: Na u just suck
(09:33 / All) HollywoodHogan: Mmhmm
(09:36 / All) HollywoodHogan: Instant reaction
(09:40 / All) HollywoodHogan: Fucking moron
(09:45 / All) Thing: Instant reaction to what
(09:53 / All) HollywoodHogan: flamestrick
(09:58 / All) Thing: No
(10:12 / All) HollywoodHogan: You don't fool anyone you dumb piece of shit
(10:30 / All) HollywoodHogan: hacking on a 12 yo game
(11:16 / Allies) froemke: yellow you should try and hit with a group
(11:37 / Allies) froemke: commin
(11:54 / All) HollywoodHogan: LKOL!
(11:58 / All) HollywoodHogan: BEFORE IT EVEN DID DAMAGE
(12:06 / All) Thing: Like I said u suck
(12:12 / All) HollywoodHogan: I was invisible you clown
(12:30 / Allies) froemke: everyone
(12:36 / All) HollywoodHogan: It didn't even give you warning
(12:39 / All) HollywoodHogan: and you instantly moved it
(12:42 / All) HollywoodHogan: You're retarded
(13:07 / Allies) HollywoodHogan: lumber
(13:15 / Allies) froemke: go red and pink
(14:31 / Allies) froemke: were gonne need meele
(14:46 / Allies) froemke: ill get some bears
(14:56 / All) HollywoodHogan: You guys are winning with a maphacker you should show class and TK the POS
(15:18 / Allies) froemke: pink make more farms and pump out griffs
(15:31 / All) HollywoodHogan: Look at him
(15:36 / All) HollywoodHogan: Chasing my invisible BM
(15:45 / Allies) froemke: be there in a sec yellow
(15:46 / Allies) HollywoodHogan: we need to hit
(15:50 / Allies) HollywoodHogan: purple is a map hacker
(16:10 / Allies) HollywoodHogan: hit orange
(16:36 / Allies) froemke: hit orange
(16:49 / All) HollywoodHogan: Wish you were on a real account purple
(17:26 / Allies) WastedIsBack: help plz
(17:33 / Allies) froemke: tp someone
(17:54 / Allies) froemke: used my tp to go to ywellow
(17:55 / Allies) HollywoodHogan: I'm all air
(18:00 / Allies) WastedIsBack: i just tp out
(18:14 / Allies) HollywoodHogan: hall then next base
(18:17 / Allies) HollywoodHogan: next base
(18:18 / Allies) HollywoodHogan: next base
(18:23 / Allies) froemke: peons to
(18:41 / Allies) Multipawn: i dont have tp
(18:43 / Allies) Multipawn: just fyi
(19:01 / Allies) HollywoodHogan: lumber
(20:34 / Allies) froemke: wisps mine
(20:39 / Allies) WastedIsBack: dude no wood
(20:43 / Allies) WastedIsBack: need wood to build wells
(20:55 / All) HollywoodHogan: Purple deserved to lose
(21:18 / All) froemke: hes probably gonna hack us out of the game now so we loose
(21:24 / All) HollywoodHogan: lol
(21:26 / Allies) WastedIsBack: he left